 Dungeon Crawl Stone Soup version 0.25-a0-1056-g2efb326896 (webtiles) character file.

Game seed: 5846086246817852297, levelgen mode: deterministic

129607 Hasart the Fighter (level 17, -3/108 HPs)
             Began as a Gargoyle Fighter on May 13, 2020.
             Was the Champion of Okawaru.
             Splashed by a deep elf sorcerer's acid (16 damage)
             ... on level 1 of the Elven Halls.
             The game lasted 01:20:38 (27046 turns).

Hasart the Fighter (Gargoyle Fighter)              Turns: 27046, Time: 01:20:38

Health: -3/108     AC: 40    Str: 23    XL:     17   Next: 6%
Magic:  32/32      EV: 13    Int: 12    God:    Okawaru [******]
Gold:   2580       SH: 15    Dex: 15    Spells: 16/16 levels left

rFire    + . .     SeeInvis +   a - +4 war axe (elec)
rCold    + + .     Gourm    .   k - +2 shield of Resistance {rF+ rC+ MR+}
rNeg     + . .     Faith    +   c - +10 chain mail "Uqunecla" {rC+}
rPois    ∞         Spirit   .   A - +1 hat {SInv}
rElec    +         Reflect  .   Q - +1 cloak
rCorr    .         Harm     .   Z - +1 pair of gloves {Dex+3}
MR       ++...                  C - +2 pair of boots of Yhaun {rElec Regen+ MP+9}
Stlth    ..........             L - amulet of faith
HPRegen  0.68/turn              z - ring "Meumen" {Str+2 Stlth+}
MPRegen  0.23/turn              P - +1 ring of slaying

@: corroded
A: big wings, negative energy resistance 1, electricity resistance, unbreathing,
petrification resistance, rot immunity, AC +12
a: Fly, Heroism, Finesse, Renounce Religion


You were on level 1 of the Elven Halls.
You worshipped Okawaru.
Okawaru was exalted by your worship.
You were not hungry.

You visited 5 branches of the dungeon, and saw 25 of its levels.
You also visited: Gauntlet.

You collected 4409 gold pieces.
You spent 1829 gold pieces at shops.

Inventory:

Hand Weapons
 a - a +4 war axe of electrocution (weapon)
 b - a +1 morningstar of holy wrath
 p - a +4 demon whip of protection
Missiles
 s - 7 silver boomerangs
 w - 5 throwing nets
 H - 15 javelins (quivered)
 W - 17 silver javelins
Armour
 c - the +10 chain mail "Uqunecla" (worn) {rC+}
   (Okawaru gifted it to you on level 11 of the Dungeon)

   It protects you from cold.
 g - a +0 chain mail of magic resistance
 k - the +2 shield of Resistance (worn) {rF+ rC+ MR+}
   (You found it on level 11 of the Dungeon)

   It protects you from fire.
   It protects you from cold.
   It affects your resistance to hostile enchantments.
 A - a +1 hat of see invisible (worn)
 C - the +2 pair of boots of Yhaun (worn) {rElec Regen+ MP+9}
   (You found it on level 6 of the Dungeon)

   It insulates you from electricity.
   It affects your magic capacity (+9).
   It increases your rate of regeneration.
 K - the +7 plate armour of Beuvim {rPois rF- Str+4 Dex-3}
   (You bought it in a shop on level 1 of the Orcish Mines)

   It affects your strength (+4).
   It affects your dexterity (-3).
   It makes you vulnerable to fire.
   It protects you from poison.
 Q - a +1 cloak (worn)
 Y - +0 acid dragon scales
 Z - a +1 pair of gloves of dexterity (worn)
Jewellery
 n - an uncursed ring of see invisible
 y - an uncursed amulet of regeneration
 z - the ring "Meumen" (left hand) {Str+2 Stlth+}
   (You found it on level 5 of the Dungeon)

   [ring of stealth]

   It affects your strength (+2).
   It makes you more stealthy.
 D - a +4 ring of strength
 L - an amulet of faith (around neck)
 P - a +1 ring of slaying (right hand)
 U - the amulet "Qadaur" {Spirit +Fly rN+ Int+2}
   (You took it off an orc warrior on level 14 of the Dungeon)

   [amulet of guardian spirit]

   It causes incoming damage to be split between your health and magic.
   It affects your intelligence (+2).
   It protects you from negative energy.
   It lets you fly.
Wands
 i - a wand of acid (6)
 x - a wand of flame (24)
 E - a wand of digging (6)
 M - a wand of disintegration (20)
 R - a wand of clouds (11)
 X - a wand of iceblast (21)
Scrolls
 d - a scroll of fear
 e - 14 scrolls of remove curse
 h - 20 scrolls of identify
 o - 8 scrolls of fog
 r - 5 scrolls of enchant weapon
 u - 5 scrolls of enchant armour
 v - a scroll of amnesia
 B - 4 scrolls of holy word
 F - 4 scrolls of magic mapping
 G - a scroll of blinking
 I - 10 scrolls of teleportation
 N - a scroll of summoning
 V - 2 scrolls of vulnerability {unknown}
Potions
 j - 10 potions of curing
 l - 2 potions of brilliance
 q - a potion of resistance
 t - 4 potions of haste
 J - 7 potions of stabbing
 O - a potion of mutation
 S - a potion of heal wounds
Miscellaneous
 m - 2 phantom mirrors
Comestibles
 f - 49 rations


   Skills:
 + Level 12.4 Fighting
 + Level 11.2(11.8) Axes
 - Level 6.6(10.3) Maces & Flails
 + Level 10.1 Throwing
 + Level 12.4 Armour
 + Level 9.6 Dodging
 + Level 12.4 Shields
 - Level 9.0 Invocations
 - Level 8.0 Evocations


You had 16 spell levels left.
You didn't know any spells.
Your spell library contained the following spells:

 Spells                   Type           Power        Failure   Level  Hunger
 Animate Skeleton         Necr           N/A          93%         1    ##.....
 Apportation              Tloc           #.....       93%         1    ##.....
 Corona                   Hex            #......      93%         1    ##.....
 Freeze                   Ice            #...         93%         1    ##.....
 Summon Small Mammal      Summ           #...         93%         1    ##.....
 Blink                    Tloc           N/A          98%         2    ###....
 Poisonous Vapours        Pois/Air       #.....       98%         2    ###....
 Shroud of Golubria       Chrm/Tloc      #.....       98%         2    ###....
 Confusing Touch          Hex            #.......     100%        3    ####...
 Conjure Flame            Conj/Fire      #.......     100%        3    ####...
 Frozen Ramparts          Ice            #.....       100%        3    ####...
 Gell's Gravitas          Tloc           #.........   100%        3    ####...
 Lesser Beckoning         Tloc           #.........   100%        3    ####...
 Mephitic Cloud           Conj/Pois/Air  #.......     100%        3    ####...
 Ozocubu's Armour         Chrm/Ice       #.......     100%        3    ####...
 Teleport Other           Tloc           #.......     100%        3    ####...
 Hailstorm                Conj/Ice       #.......     100%        4    #####..
 Passage of Golubria      Tloc           N/A          100%        4    #####..
 Petrify                  Tmut/Erth      #.......     100%        4    #####..
 Summon Ice Beast         Ice/Summ       #.......     100%        4    #####..
 Bolt of Magma            Conj/Fire/Erth #.........   100%        5    ######.
 Iskenderun's Battlesphe  Conj/Chrm      #.......     100%        5    ######.
 Metabolic Englaciation   Hex/Ice        #.........   100%        5    ######.
 Yara's Violent Unravell  Hex/Tmut       #.........   100%        5    ######.
 Freezing Cloud           Conj/Ice/Air   #.........   100%        6    #######
 Iron Shot                Conj/Erth      #.........   100%        6    #######
 Haunt                    Necr/Summ      #.........   100%        7    #######
 Orb of Destruction       Conj           #.........   100%        7    #######
 Ring of Flames           Chrm/Fire      #.........   100%        7    #######
 Spellforged Servitor     Conj/Summ      #.........   100%        7    #######
 Borgnjor's Revivificati  Necr           #.........   100%        8    #######
 Death's Door             Chrm/Necr      #.........   100%        8    #######
 Infestation              Necr           #.........   100%        8    #######
 Necromutation            Tmut/Necr      #.........   100%        8    #######


Dungeon Overview and Level Annotations

Branches:
Dungeon (15/15)            Temple (1/1) D:5            Lair (6/6) D:8
  Swamp (0/4) Lair:4       Spider (0/4) Lair:3        Slime (0/5) Lair:5
    Orc (2/2) D:10            Elf (1/3) Orc:2        Vaults (0/5) D:14
 Depths (0/5) D:15        Gauntlet (visited)

Altars:
Ashenzari
Cheibriados
Elyvilon
Fedhas
Gozag
Hepliaklqana
Kikubaaqudgha
Makhleb
Nemelex Xobeh
Okawaru
Qazlal
Sif Muna
Trog
Uskayaw
Vehumet
Wu Jian
Xom
Zin
The Shining One

Shops:
D:3 *   D:5 (   D:7 !??*   D:10 (   Orc:1 [   Orc:2 ?((?

Annotations:
D:11 1 runed translucent door
Lair:2 1 runed translucent door, Etasi's ghost, journeyman OpAs


Innate Abilities, Weirdness & Mutations

You are resistant to torment.
Your stone body is resilient. (AC +12)
You are immune to poison.
Your large and strong wings let you fly indefinitely.
You resist negative energy. (rN+)
You are resistant to electric shocks. (rElec)
You can survive without breathing.
You are immune to petrification.
You are immune to rotting.


Message History

Unknown command.
You slash the deep elf sorcerer!
Lightning courses through the deep elf sorcerer!
The deep elf sorcerer is almost dead.
The deep elf sorcerer barely misses you.
You block the deep elf sorcerer's attack.
Unknown command.
You barely miss the deep elf sorcerer.
The deep elf sorcerer is severely wounded.
The deep elf archer shoots an arrow.
The arrow barely misses you.
The deep elf sorcerer gestures at you while chanting.
The bolt of acid hits you!!
You are splashed with acid!
Unknown command.
Your chain mail "Uqunecla" prevents you from hitting the deep elf sorcerer.
The deep elf sorcerer is severely wounded.
The deep elf sorcerer gestures at you while chanting.
The bolt of acid hits you!!!
* * * LOW HITPOINT WARNING * * *
The acid corrodes you!
You are splashed with acid!
You die...

..........#### #
.........###.#.# # ......
....#...###.##.# §###......
....#......###.###.........
.........e.##...##.E......#
...........#....4#.e.......
.............+##...........
#####......+...###e........
##.....##..(@ee(.......
#+######..###......... ##.#
##...}...# ..# ######+##
####


You could see a deep elf sorcerer (fast), 2 deep elf archers and a deep elf
mage.

Vanquished Creatures
  Jorgrun (D:15)
  Rupert (D:14)
  Roxanne (D:14)
  Nessos (D:14)
  A dire elephant (Lair:6)
  A minotaur (Gauntlet)
  2 fire dragons (D:11)
  A deep elf death mage (Elf:1)
  Josephine (Orc:1)
  An ogre mage (D:12)
  14 hydras
  A rakshasa (D:15)
  2 ice dragons (D:11)
  4 centaur warriors
  A catoblepas (Lair:6)
  A death knight (D:14)
  2 tengu warriors (D:15)
  11 two-headed ogres
  10 death yaks
  A deep elf knight (Elf:1)
  6 unseen horrors
  A glowing orange brain (D:15)
  Pikel (D:9)
  A wolf spider zombie (D:13)
  9 deep elf magi
  2 lindwurms
  3 orc knights (Orc:2)
  5 oklob plants
  11 ugly things
  3 manticores
  2 elephants (Lair:6)
  A faun (shapeshifter) (D:15)
  6 centaur zombies
  A smoke demon (Gauntlet)
  6 black mambas
  2 gargoyles
  A torpor snail (Lair:6)
  17 spiny frogs
  8 rime drakes
  5 freezing wraiths
  A yaktaur (D:14)
  4 komodo dragons
  2 tengu conjurers (D:15)
  10 polar bears
  3 tyrant leeches (Lair:4)
  4 meliai
  A polar bear (shapeshifter) (D:15)
  11 trolls
  Grinder (D:3)
  2 wind drakes (shapeshifter)
  A queen bee (D:12)
  9 slime creatures
  A hornet (D:13)
  2 raiju (Lair:6)
  13 blink frogs
  2 dream sheep (Lair:6)
  2 raiju (shapeshifter) (D:14)
  16 hippogriffs
  A hippogriff (shapeshifter) (D:14)
  A meliai zombie (D:12)
  A centaur simulacrum (D:14)
  A redback (shapeshifter) (D:14)
  Sigmund (D:2)
  8 wraiths
  38 yaks
  2 shadows (D:14)
  A yak (shapeshifter) (D:14)
  A spriggan (D:11)
  11 wyverns
  3 redbacks (Lair:3)
  An air elemental (Elf:1)
  A hog (shapeshifter) (D:15)
  8 vampire mosquitoes
  8 basilisks
  A human (D:11)
  7 wargs
  2 swamp worms
  4 acid dragons
  12 water moccasins
  10 porcupines
  15 hell hounds (Lair:6)
  6 ice beasts
  5 sky beasts
  46 orc warriors
  4 slaves (D:9)
  13 black bears
  An eye of draining (D:14)
  4 phantoms
  16 ogres
  21 wolves
  5 necrophages
  18 centaurs
  14 crocodiles
  4 big kobolds
  13 bullfrogs
  A wyvern skeleton (D:8)
  2 scorpions
  28 killer bees
  16 wights
  10 crimson imps
  2 howler monkeys
  2 quasits
  28 orc priests
  3 bullfrog skeletons
  8 centaur skeletons
  6 hounds
  4 jellies
  7 iguanas
  Natasha (thrice) (D:3)
  27 orc wizards
  13 worker ants
  A killer bee zombie (D:6)
  A worker ant zombie (D:9)
  15 adders
  7 shadow imps
  2 oozes
  6 worms
  A dart slug (D:1)
  4 leopard geckos
  111 orcs
  2 ball pythons
  4 giant cockroaches
  6 goblins
  8 hobgoblins
  4 jackals (D:7)
  29 kobolds
  5 quokkas
  5 bats
  19 frilled lizards
  A leopard gecko skeleton (D:4)
  A leopard gecko zombie (D:4)
  4 rats
  A rat zombie (D:7)
  2 fungi (Lair:4)
  5 plants
946 creatures vanquished.

Vanquished Creatures (others)
  A sky beast (D:14)
  5 fungi
  11 plants (Lair:6)
17 creatures vanquished.

Grand Total: 963 creatures vanquished

Notes
Turn   | Place    | Note
-------+----------+-------------------------------------------
     0 | D:1      | Hasart the Gargoyle Fighter began the quest for the Orb.
     0 | D:1      | Reached XP level 1. HP: 14/14 MP: 1/1
    93 | D:1      | Reached XP level 2. HP: 15/19 MP: 2/2
   480 | D:1      | Reached XP level 3. HP: 23/23 MP: 3/3
  1095 | D:2      | Noticed Sigmund
  1260 | D:2      | Killed Sigmund
  1260 | D:2      | Reached skill level 1 in Dodging
  1260 | D:2      | Reached XP level 4. HP: 10/29 MP: 4/4
  1260 | D:2      | Reached XP level 5. HP: 11/33 MP: 5/5
  1743 | D:2      | Reached XP level 6. HP: 38/38 MP: 6/6
  2303 | D:3      | Noticed Natasha
  2311 | D:3      | Killed Natasha
  2470 | D:3      | Noticed Natasha
  2489 | D:3      | Killed Natasha
  2579 | D:3      | Noticed Natasha
  2590 | D:3      | Killed Natasha
  2856 | D:3      | Found Gozag's Platinum Reserve.
  2876 | D:3      | Found an opulent altar of Gozag.
  2930 | D:3      | Noticed Grinder
  2947 | D:3      | Paralysed by Grinder for 3 turns
  2954 | D:3      | Killed Grinder
  2954 | D:3      | Reached skill level 1 in Throwing
  2954 | D:3      | Reached XP level 7. HP: 24/44 MP: 7/7
  3321 | D:3      | Found a glowing silver altar of Zin.
  3568 | D:4      | Found a blossoming altar of Fedhas.
  3604 | D:5      | Entered Level 5 of the Dungeon
  3806 | D:4      | Reached skill level 5 in Maces & Flails
  4713 | D:5      | Found Oschiora's Weapon Emporium.
  4732 | D:5      | Bought a +2 war axe of electrocution for 227 gold pieces
  4770 | D:5      | Reached XP level 8. HP: 29/48 MP: 8/8
  4912 | D:5      | Reached skill level 5 in Fighting
  4912 | D:5      | Reached skill level 5 in Armour
  4943 | D:5      | Found a staircase to the Ecumenical Temple.
  4981 | D:5      | Found a stormy altar of Qazlal.
  5009 | Temple   | Entered the Ecumenical Temple
  5054 | Temple   | Became a worshipper of Warmaster Okawaru
  5147 | D:5      | Got a smoking tin ring
  5148 | D:5      | Identified the ring "Meumen" {Str+2 Stlth+} (You found it
                  | on level 5 of the Dungeon)
  5352 | D:6      | Reached skill level 5 in Shields
  5370 | D:6      | Reached skill level 1 in Axes
  5416 | D:6      | Got a pair of steaming boots
  5422 | D:6      | Identified the +2 pair of boots of Yhaun {rElec Regen+
                  | MP+9} (You found it on level 6 of the Dungeon)
  5494 | D:6      | Noticed an unseen horror
  5499 | D:6      | Killed an unseen horror
  5499 | D:6      | Reached * piety under Okawaru
  5602 | D:6      | Reached XP level 9. HP: 55/55 MP: 9/9
  5627 | D:6      | Noticed a two-headed ogre
  5668 | D:6      | Killed a two-headed ogre
  5668 | D:6      | Reached ** piety under Okawaru
  5926 | D:6      | Reached *** piety under Okawaru
  5935 | D:6      | Got a dazzling falchion
  5936 | D:6      | Identified the +6 falchion of Starshine {vorpal, rC+ Str+3
                  | Dex+6} (You found it on level 6 of the Dungeon)
  6114 | D:7      | Reached skill level 1 in Invocations
  6123 | D:7      | Reached skill level 1 in Evocations
  6162 | D:7      | Found Soti's Distillery.
  6185 | D:7      | Bought a potion of curing for 36 gold pieces
  6197 | D:7      | Found Kyty's Magic Scroll Emporium.
  6200 | D:7      | Found Kionir's Magic Scroll Boutique.
  6202 | D:7      | Found Rusmuwilee's Assorted Antiques.
  6333 | D:7      | Found an ancient bone altar of Kikubaaqudgha.
  6447 | D:7      | Reached XP level 10. HP: 61/61 MP: 11/11
  6476 | D:7      | Got an amethyst-encrusted ring mail
  6477 | D:7      | Identified the cursed +1 ring mail of Indecent Exposure
                  | {Stlth+} (You found it on level 7 of the Dungeon)
  6559 | D:7      | Reached skill level 5 in Axes
  6814 | D:8      | Reached **** piety under Okawaru
  7065 | D:7      | Bought a potion of mutation for 96 gold pieces
  7065 | D:7      | Bought a potion of degeneration for 12 gold pieces
  7245 | D:8      | Found a glowing golden altar of the Shining One.
  7657 | D:8      | Found a staircase to the Lair.
  7997 | D:9      | Noticed Pikel
  8010 | D:9      | Killed Pikel
  8010 | D:9      | Reached ***** piety under Okawaru
  8657 | D:9      | Found a shimmering altar of Xom.
  8758 | D:10     | Entered Level 10 of the Dungeon
  8885 | D:10     | Received a gift from Okawaru
  8887 | D:10     | Reached XP level 11. HP: 47/67 MP: 13/13
  8969 | D:10     | Noticed a six-headed hydra
  8986 | D:10     | Killed a six-headed hydra
  8986 | D:10     | Reached ****** piety under Okawaru
  8986 | D:10     | Reached skill level 5 in Throwing
  8986 | D:10     | Reached skill level 5 in Dodging
  9023 | D:10     | Found a staircase to the Orcish Mines.
  9117 | D:10     | Noticed a two-headed ogre
  9127 | D:10     | Killed a two-headed ogre
  9127 | D:10     | Received a gift from Okawaru
  9347 | D:10     | Found Madgh's Weapon Boutique.
  9701 | D:11     | Received a gift from Okawaru
  9849 | D:11     | Noticed a five-headed hydra
  9855 | D:11     | Killed a five-headed hydra
 10005 | D:11     | Noticed a deep elf mage
 10014 | D:11     | Killed a deep elf mage
 10075 | D:11     | Reached skill level 5 in Invocations
 10330 | D:11     | Noticed a fire dragon
 10333 | D:11     | Found a runed translucent door.
 10333 | D:11     | Noticed an ice dragon
 10334 | D:11     | Found the +2 shield of Resistance {rF+ rC+ MR+}
 10335 | D:11     | Noticed a fire dragon
 10337 | D:11     | Noticed an ice dragon
 10354 | D:11     | Found a runed translucent door.
 10407 | D:11     | Reached XP level 12. HP: 73/73 MP: 15/15
 10840 | D:12     | Noticed a six-headed hydra
 10847 | D:12     | Killed a six-headed hydra
 10847 | D:12     | Received a gift from Okawaru
 11574 | D:12     | Received a gift from Okawaru
 11813 | D:13     | Received a gift from Okawaru
 11850 | D:13     | Got a slimy quarterstaff {god gift}
 11856 | D:13     | Identified the +2 quarterstaff of Optimality {holy, rN+ MR+
                  | Dex+5} (Okawaru gifted it to you on level 13 of the
                  | Dungeon)
 11956 | D:13     | Noticed a two-headed ogre
 11957 | D:13     | Noticed a two-headed ogre
 11960 | D:13     | Noticed an ogre mage
 11962 | D:13     | Noticed a two-headed ogre
 12078 | D:13     | Reached skill level 5 in Evocations
 12191 | D:13     | Noticed a two-headed ogre
 12199 | D:13     | Killed a two-headed ogre
 12199 | D:13     | Received a gift from Okawaru
 12199 | D:13     | Reached XP level 13. HP: 74/80 MP: 17/17
 12348 | D:12     | Killed an ogre mage
 12962 | Orc:1    | Entered Level 1 of the Orcish Mines
 12962 | Orc:1    | Noticed Josephine
 12973 | Orc:1    | Killed Josephine
 13113 | Orc:1    | Found a dark tunnel.
 13615 | Orc:1    | Found Ocvodiemi's Antique Armour Boutique.
 13701 | Orc:1    | Received a gift from Okawaru
 13842 | Orc:2    | Entered Level 2 of the Orcish Mines
 14221 | Orc:2    | Found Peov's Antique Weapon Boutique.
 14221 | Orc:2    | Found Cefuos Fiti's Antique Weapon Emporium.
 14223 | Orc:2    | Found Xuggau's Magic Scroll Shoppe.
 14241 | Orc:2    | Found Pukkel's Magic Scroll Shop.
 14281 | Orc:2    | Received a gift from Okawaru
 14361 | Orc:2    | Bought a runed demon whip for 450 gold pieces
 14762 | Orc:2    | Found a staircase to the Elven Halls.
 15081 | Orc:1    | Bought an encrusted plate armour for 1008 gold pieces
 15081 | Orc:1    | Identified the +7 plate armour of Beuvim {rPois rF- Str+4
                  | Dex-3} (You bought it in a shop on level 1 of the Orcish
                  | Mines)
 15240 | Lair:1   | Entered Level 1 of the Lair of Beasts
 15268 | Lair:1   | Found a gate leading to a gauntlet.
 15277 | Gauntlet | Entered a Gauntlet
 15277 | Gauntlet | Found a transporter.
 15285 | Gauntlet | Found a transporter.
 15287 | Gauntlet | Found a transporter.
 15288 | Gauntlet | Found a transporter.
 15296 | Gauntlet | Found a transporter.
 15299 | Gauntlet | Found a transporter.
 15300 | Gauntlet | Found a transporter.
 15308 | Gauntlet | Found a transporter.
 15311 | Gauntlet | Found a transporter.
 15312 | Gauntlet | Found a transporter.
 15319 | Gauntlet | Found a runed translucent door.
 15322 | Gauntlet | Found a transporter.
 15323 | Gauntlet | Found a transporter.
 15324 | Gauntlet | Found a transporter.
 15337 | Gauntlet | Found a transporter.
 15480 | Gauntlet | Noticed an ettin
 15481 | Gauntlet | Noticed a ghost moth
 15481 | Gauntlet | an ettin changed into a ghost moth
 15484 | Gauntlet | a ghost moth changed into an alligator
 15493 | Gauntlet | Noticed an emperor scorpion
 15493 | Gauntlet | a six-headed hydra changed into an emperor scorpion
 15495 | Gauntlet | Noticed an azure jelly
 15495 | Gauntlet | an emperor scorpion changed into an azure jelly
 15591 | Gauntlet | Gained mutation: Your large and strong wings let you fly
                  | indefinitely. [Gargoyle growth]
 15591 | Gauntlet | Reached XP level 14. HP: 63/87 MP: 19/19
 15713 | Gauntlet | Received a gift from Okawaru
 16243 | Lair:1   | Reached skill level 10 in Fighting
 16668 | Lair:2   | Reached skill level 10 in Armour
 16738 | Lair:2   | Found a shimmering blue altar of Sif Muna.
 16839 | Lair:2   | Reached skill level 10 in Shields
 16892 | Lair:2   | Noticed Etasi's ghost (journeyman OpAs)
 16935 | Lair:2   | Found a runed translucent door.
 17937 | Lair:3   | Found a hole to the Spider Nest.
 18429 | Lair:4   | Found a staircase to the Swamp.
 18474 | Lair:4   | HP: 2/88 [swamp worm/harpoon shot (17)]
 18725 | Lair:4   | Received a gift from Okawaru
 20061 | Lair:5   | Found a staircase to the Slime Pits.
 20146 | Lair:5   | Reached XP level 15. HP: 63/93 MP: 21/21
 20325 | Lair:5   | Received a gift from Okawaru
 20748 | Lair:6   | Entered Level 6 of the Lair of Beasts
 21531 | Lair:6   | Reached skill level 10 in Axes
 21829 | Lair:6   | Received a gift from Okawaru
 21900 | Lair:6   | Received a gift from Okawaru
 22047 | Lair:6   | Identified the +1 leather armour "Vagadghu" {rF+} (You
                  | found it on level 6 of the Lair of Beasts)
 22602 | Lair:6   | Received a gift from Okawaru
 23729 | D:14     | Identified Roxanne's Grimoire of Changing
 23729 | D:14     | Noticed Roxanne
 23773 | D:14     | Killed Roxanne
 23773 | D:14     | Reached XP level 16. HP: 65/100 MP: 22/22
 23871 | D:14     | Noticed Nessos
 23878 | D:15     | Entered Level 15 of the Dungeon
 23878 | D:15     | Noticed Jorgrun
 23883 | D:15     | Received a gift from Okawaru
 23893 | D:15     | Killed Jorgrun
 24117 | D:14     | Killed Nessos
 24191 | D:14     | Identified the amulet "Qadaur" {Spirit +Fly rN+ Int+2}
 24380 | D:14     | Identified the cursed -5 pair of boots "Koah" {*Corrode
                  | *Drain rPois rF++ Regen+} (You found it on level 14 of the
                  | Dungeon)
 24564 | D:14     | Identified a scroll of acquirement
 24564 | D:14     | Identified the +0 pair of boots of Grottiness {rPois MR+
                  | Int+2} (You acquired it on level 14 of the Dungeon)
 25253 | D:11     | Received a gift from Okawaru
 25256 | D:11     | Identified the +10 chain mail "Uqunecla" {rC+} (Okawaru
                  | gifted it to you on level 11 of the Dungeon)
 25552 | D:14     | Noticed Rupert
 25574 | D:14     | Killed Rupert
 25647 | D:14     | Found a gate to the Vaults.
 26108 | D:15     | Found a staircase to the Depths.
 26217 | D:15     | Reached skill level 10 in Throwing
 26485 | D:15     | Received a gift from Okawaru
 26934 | Elf:1    | Entered Level 1 of the Elven Halls
 27011 | Elf:1    | Reached XP level 17. HP: 108/108 MP: 23/23
 27046 | Elf:1    | Splashed by a deep elf sorcerer's acid

Illustrated notes

Levels and vault maps discovered:
D:1:      lemuel_arrival_funnel, layout_basic, minmay_lizard_pond
D:2:      layout_basic, minmay_pentomino_t2, uniq_sigmund
D:3:      layout_loops_corners, nicolae_gozag_zags_fifth_avenue,
          zin_scriptorium, first_ration, minmay_misc_feat_four_crosses,
          uniq_grinder, uniq_natasha
D:4:      layout_basic, lemuel_doored_altar
D:5:      layout_loops_ring, grunt_qazlal_clouds, minmay_temple_entry_hall,
          serial_shops, nicolae_shop_temple_entry_statues_fountains
D:6:      layout_loops_cross
D:7:      layout_cave_pools, lemuel_zombie_altar_kikubaaqudgha, serial_shops,
          shop, shop, shop, kennysheep_mini, chequers_serial_rivers_small_3
D:8:      layout_loops_corners, tso_altar, lair_entry_dummy
D:9:      minmay_goldmine, layout_loops_ring, marbit_many_paths, uniq_pikel
D:10:     layout_long_grid, david_orc_3, serial_shops, shop
D:11:     layout_big_octagon, hangedman_stone_soup,
          minmay_guarded_unrand_resistance
D:12:     layout_roguey [special_room_bee]
D:13:     layout_rooms
D:14:     minmay_the_grid_square_5x5_4x4 [minmay_the_grid_square_5x5_inner_i,
          minmay_the_grid_square_5x5_misaligned,
          minmay_the_grid_square_5x5_seven, minmay_the_grid_square_5x5_inner_z,
          minmay_the_grid_square_5x5_comb,
          minmay_the_grid_square_5x5_prize_deathbox,
          minmay_the_grid_square_5x5_prize_monsterx,
          minmay_the_grid_square_5x5_trominoes,
          minmay_the_grid_square_5x5_inverted_slash,
          minmay_the_grid_square_5x5_prize_junk,
          minmay_the_grid_square_5x5_prize_waves, minmay_the_grid_square_5x5_c,
          minmay_the_grid_square_5x5_intrusive_squares,
          minmay_the_grid_square_5x5_fancy_junction,
          minmay_the_grid_square_5x5_pentomino_r,
          minmay_the_grid_square_5x5_fat_x], layout_gridville, david_vaults_2,
          uniq_roxanne, uniq_rupert, uniq_nessos
D:15:     gammafunk_enter_depths_forms, layout_rooms, glass_columns_a,
          uniq_jorgrun
Temple:   regret_index_temple_waves
Lair:1:   layout_cave_pods, gauntlet_entry_generic, minmay_holes, st_stairs_6
Lair:2:   layout_chaotic_city, basic_altar, hellmonk_ghost_happy_afterlife,
          roderic_carrion_pond
Lair:3:   layout_big_grid, spider_nest_entry_webs, infiniplex_staircase_pool_2
Lair:4:   layout_roguey, minmay_swamp_entry_worms, special_room
          [special_room_mythical_zoo], cheibrodos_lair_reptile_den
Lair:5:   layout_cave_shapes, minmay_slime_entry_oklob_open,
          serial_bayou_shore_b, grunt_megastairs_2
Lair:6:   hangedman_lair_caniforms_friends, layout_layer_cave,
          hangedman_lair_in_review
Orc:1:    layout_caves, serial_shops, shop, nicolae_volcano_entry_vermiform,
          uniq_josephine
Orc:2:    st_orc_rangers, layout_caves
Elf:1:    layout_gridlike, ploomutoo_gammafunk_ghost_potion_laboratory,
          serial_shops, shop, kennysheep_underground_church, kb_rosetta

Skill      XL: |  1  2  3  4  5  6  7  8  9 10 11 12 13 14 15 16 |
---------------+-------------------------------------------------+-----
Fighting       | 4 5 6 7 8 9 10 11 12 | 12.4
Maces & Flails | 3 4 5 6 |  6.6
Armour         | 4 5 6 7 8 9 10 11 12 | 12.4
Dodging        | 1 2 3 4 5 6 7 8 9 |  9.6
Shields        | 4 5 6 7 8 9 10 11 12 | 12.4
Throwing       | 1 2 3 4 5 6 7 8 9 10 | 10.1
Axes           | 3 4 6 7 8 9 10 11 | 11.2
Invocations    | 1 3 5 6 7 8 9 |  9.0
Evocations     | 1 2 4 5 6 7 8 |  8.0

Action                   |  1- 3 |  4- 6 |  7- 9 | 10-12 | 13-15 | 16-18 || total
-------------------------+-------+-------+-------+-------+-------+-------++-------
Melee: Flail             |   163 |   207 |   100 |     9 |       |       ||   479
       War axe           |       |       |   144 |   752 |  1191 |   598 ||  2685
       Morningstar       |       |       |       |    16 |       |       ||    16
       Demon whip        |       |       |       |       |   286 |       ||   286
Throw: Javelin           |       |       |       |    12 |    16 |     6 ||    34
       Boomerang         |       |       |       |       |     2 |       ||     2
Invok: Heroism           |       |       |       |       |       |     1 ||     1
       Finesse           |       |       |       |       |       |     1 ||     1
Evoke: Wand              |       |       |       |     1 |     2 |       ||     3
  Use: Potion            |     1 |     2 |       |     1 |    12 |     2 ||    18
       Scroll            |       |       |     1 |    17 |     5 |     7 ||    30
 Stab: Distracted        |       |       |       |     1 |       |       ||     1
       Sleeping          |       |       |       |       |    11 |       ||    11
       Petrified         |       |       |       |       |     5 |       ||     5
  Eat: Chunk             |     1 |     6 |    12 |    12 |    34 |     7 ||    72
       Ration            |       |       |       |     2 |     2 |     1 ||     5
Armor: Scale mail        |   101 |    99 |   113 |   190 |       |       ||   503
       Acid dragon scale |       |       |       |   198 |   613 |   101 ||   912
       Chain mail        |       |       |       |       |       |   151 ||   151
Dodge: Dodged            |    55 |    70 |    93 |   398 |   858 |   269 ||  1743
Block: Kite shield       |   103 |   111 |   132 |   554 |  1034 |   405 ||  2339

Table legend:
 A = Non-vault XP
 B = Vault XP
 C = Vault XP percentage of total XP
 D = Non-vault monster count
 E = Vault monster count
 F = Vault count percentage of total count
                 A         B        C        D         E       F
            +---------+---------+-------+---------+---------+-------
      Total |  104643 |   80511 |  43.5 |     632 |     303 |  32.4
            +---------+---------+-------+---------+---------+-------
        D:1 |      35 |      12 |  25.5 |      17 |      12 |  41.4
        D:2 |      62 |     226 |  78.5 |      25 |       3 |  10.7
        D:3 |     125 |     316 |  71.7 |      21 |       2 |   8.7
        D:4 |     187 |       0 |   0.0 |      11 |       0 |   0.0
        D:5 |     302 |       0 |   0.0 |       7 |       0 |   0.0
        D:6 |    2832 |       0 |   0.0 |      22 |       0 |   0.0
        D:7 |     957 |       1 |   0.1 |      20 |       1 |   4.8
        D:8 |    1351 |       0 |   0.0 |      20 |       0 |   0.0
        D:9 |    1026 |     851 |  45.3 |      15 |      13 |  46.4
       D:10 |    4537 |     378 |   7.7 |      41 |       5 |  10.9
       D:11 |    4189 |    5019 |  54.5 |      40 |       8 |  16.7
       D:12 |   11481 |    2562 |  18.2 |      59 |      26 |  30.6
       D:13 |    5571 |       0 |   0.0 |      31 |       0 |   0.0
       D:14 |    5592 |   18039 |  76.3 |      20 |      43 |  68.3
       D:15 |   18072 |    6927 |  27.7 |      43 |      10 |  18.9
     Lair:1 |    3390 |      84 |   2.4 |      13 |       1 |   7.1
     Lair:2 |    1817 |     463 |  20.3 |       8 |       4 |  33.3
     Lair:3 |    4199 |     638 |  13.2 |      20 |       3 |  13.0
     Lair:4 |    8195 |    7202 |  46.8 |      30 |      31 |  50.8
     Lair:5 |    6718 |    3407 |  33.6 |      22 |       6 |  21.4
     Lair:6 |   13920 |   21851 |  61.1 |      38 |      77 |  67.0
      Orc:1 |    2249 |    2696 |  54.5 |      44 |       7 |  13.7
      Orc:2 |    3624 |    6360 |  63.7 |      59 |      41 |  41.0
      Elf:1 |    4212 |     770 |  15.5 |       6 |       2 |  25.0
   Gauntlet |       0 |    2709 | 100.0 |       0 |       8 | 100.0
            +---------+---------+-------+---------+---------+-------
